 Dungeon Crawl Stone Soup version 0.26.1-11-gd32895ea62 (webtiles) character file.

Game seed: 1812156808889376534

392 H0rd4k the Charlatan (level 7, 0/50 HPs)
             Began as a Human Artificer on May 12, 2021.
             Slain by Natasha (3 damage)
             ... on level 4 of the Dungeon.
             The game lasted 00:06:56 (6012 turns).

H0rd4k the Charlatan (Human Artificer)              Turns: 6012, Time: 00:06:57

Health: 0/50       AC:  3    Str: 15    XL:     7   Next: 8%
Magic:  7/7        EV: 13    Int: 11    God:
Gold:   204        SH:  0    Dex: 13    Spells: 6/6 levels left

rFire    . . .     SeeInvis .   p - +0 dagger
rCold    . . .     Faith    .   (no shield)
rNeg     . . .     Spirit   .   x - +0 robe (curse)
rPois    .         Reflect  .   w - +1 hat
rElec    .         Harm     .   (no cloak)
rCorr    .         Rampage  .   (no gloves)
Will     .....                  (no boots)
Stlth    ++........             (no amulet)
HPRegen  0.16/turn              (no ring)
MPRegen  0.10/turn              (no ring)

@: no status effects
A: no striking features
a: no special abilities


You were on level 4 of the Dungeon.
You visited 1 branch of the dungeon, and saw 4 of its levels.

You collected 204 gold pieces.

Inventory:

Hand Weapons
 a - a +0 club
 p - a +0 dagger (weapon)
Missiles
 o - 16 poisoned darts
Armour
 b - a +0 leather armour
 w - a +1 hat (worn)
 x - a cursed +0 robe (worn)
Wands
 d - a wand of enslavement (11)
Scrolls
 g - a scroll of amnesia {unknown}
 h - a scroll of magic mapping {unknown}
 k - a scroll of immolation {unknown}
 l - 3 scrolls of teleportation
 n - a scroll of enchant armour {unknown}
 q - a scroll of noise {unknown}
 r - a scroll of enchant weapon {unknown}
 s - a scroll of fear {unknown}
 t - 2 scrolls of remove curse
Potions
 f - a potion of invisibility
 i - a potion of might
 j - 2 potions of magic
 u - a potion of ambrosia
 v - a potion of haste {unknown}


   Skills:
 + Level 2.1 Fighting
 + Level 3.2 Short Blades
 + Level 3.4 Armour
 + Level 2.5 Dodging
 + Level 1.9 Stealth
 + Level 4.4 Evocations


You had 6 spell levels left.
You didn't know any spells.
Your spell library contained the following spells:

 Spells                   Type           Power        Failure   Level
 Magic Dart               Conj           0%           34%         1
 Blink                    Tloc           N/A          47%         2
 Call Imp                 Summ           0%           47%         2
 Slow                     Hex            0%           47%         2
 Conjure Flame            Conj/Fire      0%           71%         3
 Mephitic Cloud           Conj/Pois/Air  0%           71%         3


Dungeon Overview and Level Annotations

Branches:
Dungeon (4/15)
 Temple: D:4-7

Altars:
Ashenzari

Annotations:
D:2 exclusion: phantom
D:4 2 runed translucent doors, H0rd4k's ghost, amateur HuAr; Natasha


Message History

Natasha is heavily wounded.
Natasha claws you!
* * * LOW HITPOINT WARNING * * *
You hit Natasha.
Natasha is severely wounded.
Natasha claws you but does no damage.
You barely miss Natasha.
Natasha is severely wounded.
You hit Natasha but do no damage.
Natasha is severely wounded.
Natasha extends her claws.
Natasha claws you.
* * * LOW HITPOINT WARNING * * *
You closely miss Natasha.
Natasha is severely wounded.
Natasha closely misses you.
You hit Natasha.
Natasha is severely wounded.
Natasha claws you.
You die...

##########
.........###
...........#
..#####.##.##
. #..#.(# ...
#.....##
#...###@...#
+...h#...##
........#....#
.......#####.#
$...... #.#
..._... #.#
.......# #.#
...####
........####.#
.......
.............#


You could see Natasha.

Vanquished Creatures
  A scorpion (D:3)
  A howler monkey (D:3)
  An orc wizard (D:3)
  Jessica (D:3)
  3 worker ants (D:4)
  Natasha (D:4)
  6 adders
  2 oozes
  An adder skeleton (D:4)
  2 worms
  2 dart slugs
  5 leopard geckos
  2 orcs (D:3)
  3 giant cockroaches
  7 goblins
  7 hobgoblins
  6 jackals
  5 kobolds
  2 quokkas
  3 ball pythons
  7 bats
  5 frilled lizards
  A leopard gecko skeleton (D:4)
  A quokka skeleton (D:4)
  7 rats
82 creatures vanquished.

Vanquished Creatures (collateral kills)
  An orc wizard (D:3)
  A hound skeleton (D:4)
2 creatures vanquished.

Vanquished Creatures (others)
  A leopard gecko (D:3)
1 creature vanquished.

Grand Total: 85 creatures vanquished

Notes
Turn   | Place    | Note
-------+----------+-------------------------------------------
     0 | D:1      | H0rd4k the Human Artificer began the quest for the Orb.
     0 | D:1      | Reached XP level 1. HP: 15/15 MP: 1/1
   226 | D:1      | Reached XP level 2. HP: 13/21 MP: 2/2
  1061 | D:1      | Reached XP level 3. HP: 26/26 MP: 3/3
  2132 | D:2      | Reached XP level 4. HP: 32/32 MP: 4/4
  2470 | D:2      | Reached skill level 1 in Short Blades
  3043 | D:2      | Reached skill level 4 in Evocations
  3699 | D:3      | Reached XP level 5. HP: 7/37 MP: 5/5
  4030 | D:3      | HP: 1/37 [poisoned by an adder]
  4176 | D:4      | Found a large runed translucent door.
  4176 | D:4      | Found a large runed translucent door.
  4352 | D:4      | Noticed Natasha
  4355 | D:4      | Killed Natasha
  4356 | D:4      | Reached XP level 6. HP: 44/44 MP: 6/6
  4356 | D:4      | Noticed H0rd4k's ghost (amateur HuAr)
  4722 | D:3      | Noticed Jessica
  4738 | D:3      | Killed Jessica
  4880 | D:3      | Noticed a phantom
  5644 | D:4      | Noticed Natasha
  5760 | D:4      | Found a broken altar of Ashenzari.
  5794 | D:4      | Reached XP level 7. HP: 25/50 MP: 7/7
  6012 | D:4      | Slain by Natasha

Illustrated notes

Levels and vault maps discovered:
D:1:      eino_arrival_druids_welcome, layout_basic
D:2:      minmay_door_path, layout_basic
D:3:      layout_basic, uniq_jessica
D:4:      layout_cave_pools, marbit_many_paths, ebering_ghost_disaster_area,
          evilmike_ruin_ashenzari, uniq_natasha

Skill      XL: |  1  2  3  4  5  6 |
---------------+-------------------+-----
Short Blades   | 1 2 3 |  3.2
Evocations     | 4 |  4.4
Dodging        | 2 |  2.5
Armour         | 3 |  3.4
Fighting       | 2 |  2.1
Stealth        | |  1.9

Action                   |  1- 3 |  4- 6 |  7- 9 || total
-------------------------+-------+-------+-------++-------
Melee: Club              |    76 |       |       ||    76
       Dagger            |    74 |   327 |    35 ||   436
Evoke: Wand              |     2 |    29 |     3 ||    34
  Use: Scroll            |       |     5 |       ||     5
       Potion            |       |     1 |     4 ||     5
 Stab: Sleeping          |     2 |     2 |       ||     4
Armor: Leather armour    |    49 |    72 |       ||   121
       Robe              |       |     4 |     2 ||     6
Dodge: Dodged            |    86 |   209 |    17 ||   312
